 Dungeon Crawl Stone Soup version 0.29-a0-998-g1987434951 (webtiles) character file.

Game seed: 18078264224909529287

1029 xian the Gusty (level 8, -3/54 HPs)
             Began as a Barachi Air Elementalist on Aug 5, 2022.
             Slain by a vampire (4 damage)
             ... on level 6 of the Dungeon.
             The game lasted 00:12:48 (6311 turns).

xian the Gusty (Barachi Air Elementalist)           Turns: 6311, Time: 00:12:49

Health: -3/54      AC:  6    Str: 10    XL:     8   Next: 23%
Magic:  10/15      EV: 12    Int: 23    God:
Gold:   308        SH:  0    Dex: 13    Spells: 11/17 levels left

rFire   . . .      SeeInvis .   y - staff of air
rCold   . . .      Faith    .   (no shield)
rNeg    . . .      Spirit   .   h - +0 leather armour
rPois   .          Reflect  .   l - +2 helmet
rElec   +          Harm     .   (no cloak)
rCorr   .          Rampage  .   (no gloves)
Will    .....                   (no boots)
Stlth   ++........              e - amulet of the acrobat
HPRegen 0.18/turn               w - +6 ring of intelligence
MPRegen 0.14/turn               (no ring)

@: slow
A: amphibious, slowness 1, strong legs 1, +LOS
a: Hop


You were on level 6 of the Dungeon.
You visited 1 branch of the dungeon, and saw 6 of its levels.

You collected 308 gold pieces.

Inventory:

Hand Weapons
 j - a +1 dagger of pain
Armour
 h - a +0 leather armour (worn)
 l - a +2 helmet (worn)
Magical Staves
 y - a staff of air (weapon)
Jewellery
 e - an amulet of the acrobat (around neck)
 g - an amulet of magic regeneration
 w - a +6 ring of intelligence (left hand)
 x - an amulet of faith
Wands
 q - a wand of roots (9)
 u - a wand of paralysis (4)
Scrolls
 f - 4 scrolls of butterflies
 n - 2 scrolls of enchant armour
 o - a scroll of silence
 p - 2 scrolls of summoning
 s - a scroll of identify
Potions
 a - 2 potions of mutation
 b - 3 potions of magic
 d - 3 potions of brilliance
 i - 4 potions of curing
 m - a potion of haste
 r - a potion of resistance {unknown}
 t - a potion of heal wounds {unknown}
 v - a potion of attraction {unknown}


   Skills:
 + Level 1.2 Fighting
 + Level 0.3 Short Blades
 + Level 0.4 Staves
 + Level 3.4 Armour
 + Level 2.7 Dodging
 + Level 3.2 Stealth
 + Level 0.2 Unarmed Combat
 + Level 5.0 Spellcasting
 + Level 4.6 Conjurations
 + Level 6.2 Air Magic


You had 11 spell levels left.
You knew the following spells:

 Your Spells              Type           Power      Damage    Failure   Level
a - Shock                 Conj/Air       100%       1d9       1%          1
b - Static Discharge      Conj/Air       46%        3-9/arc   1%          2
c - Swiftness             Air            51%        N/A       2%          3

Your spell library contained the following spells:

 Spells                   Type           Power      Damage    Failure   Level
 Foxfire                  Conj/Fire      64%        2x1d7     4%          1
 Airstrike                Air            25%        2d(4-20)  10%         4
 Conjure Flame            Conj/Fire      16%        6-21      14%         3
 Confusing Touch          Hex            5%         N/A       36%         3
 Inner Flame              Hex/Fire       5%         N/A       36%         3
 Ozocubu's Armour         Ice            5%         N/A       36%         3
 Flame Wave               Conj/Fire      16%        2d7       43%         4
 Metabolic Englaciation   Hex/Ice        2%         N/A       98%         5
 Yara's Violent Unravell  Hex/Tmut       2%         3d3       98%         5
 Simulacrum               Ice/Necr       2%         N/A       100%        6
 Enfeeble                 Hex            2%         N/A       100%        7


Dungeon Overview and Level Annotations

Branches:
Dungeon (6/15)
 Temple: D:4-7

Altars:
Kikubaaqudgha
Ru
Trog
Uskayaw
Xom


Innate Abilities, Weirdness & Mutations

You are amphibious.
You cover ground slowly.
You can hop short distances.
You have an extended range of vision and can be seen from far away.


Message History

Confirm with . or Enter, or press ? or * to list all spells.
You can't see any susceptible monsters within range! (Use Z to cast anyway.)
Casting: Static Discharge (safe; 1% risk of failure)
Confirm with . or Enter, or press ? or * to list all spells.
You feel a surge of power!
Something is struck by an arc of lightning!
You resist.
You are struck by an arc of lightning.
* * * LOW HITPOINT WARNING * * *
The lightning grounds out.
Something hits you.
* * * LOW HITPOINT WARNING * * *
Something bites you.
* * * LOW HITPOINT WARNING * * *
Something draws strength from your injuries!
You feel better. Something hits you!
* * * LOW HITPOINT WARNING * * *
Something bites you.
* * * LOW HITPOINT WARNING * * *
Something draws strength from your injuries!
Blink to where?
Press: ? - help, Dir - move target
As you read the scroll of blinking, it crumbles to dust.
You start to feel a little faster.
You are confused.
You bump into the rock wall.
Unknown command.
You no longer feel sluggish.
You feel less confused. Something hits you.
* * * LOW HITPOINT WARNING * * *
Something misses you.
There is a stone staircase leading down here.
Something hits you but does no damage. Something completely misses you.
You climb downwards.
Reactivating autopickup.
There is a stone staircase leading up here.
You open the door. Something hits you!
* * * LOW HITPOINT WARNING * * *
Deactivating autopickup; reactivate with Ctrl-A.
Something bites you.
You die...

##.....
#......
#..... #.
#..... ..
#.... ..
#.... .#
#J..# ..
#...#.######
#..@'.......
#.s.#.######
#...# #
##.## #. ##


You could see a scorpion (asleep) and a jelly (asleep).

Vanquished Creatures
  Grinder (D:3)
  Edmund (D:5)
  A black bear (D:4)
  An ice beast (D:5)
  An ogre (D:5)
  A necrophage (D:5)
  A scorpion (D:4)
  4 hounds
  A jelly (D:3)
  2 iguanas (D:4)
  An orc wizard (D:5)
  2 adders
  3 ufetubi
  A dart slug (D:2)
  12 orcs
  6 ball pythons
  3 bats (D:1)
  6 endoplasms
  5 giant cockroaches
  5 goblins
  7 hobgoblins
  2 jackals (D:4)
  4 quokkas
  3 frilled lizards
  7 kobolds
  7 rats
88 creatures vanquished.

Notes
Turn   | Place    | Note
-------+----------+-------------------------------------------
     0 | D:1      | xian the Barachi Air Elementalist began the quest for the
                  | Orb.
     0 | D:1      | Reached XP level 1. HP: 13/13 MP: 3/3
   433 | D:1      | Reached XP level 2. HP: 19/19 MP: 3/5
   464 | D:1      | Learned a level 2 spell: Static Discharge
   973 | D:1      | Reached skill level 4 in Air Magic
   973 | D:1      | Reached XP level 3. HP: 24/24 MP: 3/6
  1646 | D:2      | Found a faded altar of an unknown god.
  2327 | D:3      | Found a shimmering altar of Xom.
  2436 | D:3      | Found an ancient bone altar of Kikubaaqudgha.
  2476 | D:3      | Noticed a +0 short sword
  2477 | D:3      | Noticed a +0 spear
  2477 | D:3      | Noticed a +0 dagger
  2477 | D:3      | Noticed a +0 falchion
  2477 | D:3      | Noticed a +0 falchion
  2478 | D:3      | Noticed a +0 short sword
  2478 | D:3      | Noticed a +0 dagger
  2479 | D:3      | Noticed a +0 spear
  2485 | D:3      | Found a hide-covered altar of Uskayaw.
  2509 | D:3      | Reached XP level 4. HP: 30/30 MP: 3/7
  2553 | D:3      | Found a sacrificial altar of Ru.
  2728 | D:3      | Noticed Grinder
  2736 | D:3      | Reached skill level 1 in Armour
  2758 | D:3      | Paralysed by Grinder for 3 turns
  2773 | D:3      | Killed Grinder
  2774 | D:3      | Reached skill level 5 in Air Magic
  2774 | D:3      | Reached XP level 5. HP: 9/36 MP: 3/10
  2774 | D:3      | Reached XP level 6. HP: 11/42 MP: 3/11
  3379 | D:4      | Learned a level 3 spell: Swiftness
  4479 | D:4      | Noticed a black bear
  4488 | D:4      | Killed a black bear
  4489 | D:4      | Reached XP level 7. HP: 38/47 MP: 0/13
  5194 | D:5      | Entered Level 5 of the Dungeon
  5194 | D:5      | Noticed Edmund
  5203 | D:5      | Killed Edmund
  5361 | D:5      | Reached skill level 1 in Fighting
  5545 | D:5      | Reached XP level 8. HP: 53/54 MP: 6/15
  5674 | D:5      | Reached skill level 6 in Air Magic
  5808 | D:5      | Found a bloodstained altar of Trog.
  5817 | D:5      | Reached skill level 5 in Spellcasting
  6275 | D:5      | Noticed a vampire
  6311 | D:6      | HP: 1/54 [something (9)]
  6311 | D:6      | Slain by a vampire

Illustrated notes

Levels and vault maps discovered:
D:1:      minmay_arrival_doors, layout_basic, minmay_tetromino_o2
D:2:      layout_loops_ring, hellmonk_ecumenical_altar_arch_garden
D:3:      layout_basic, hangedman_ru_absence, nicolae_uskayaw_en_pointe,
          mainiacjoe_overflow_surrounded_room, lemuel_round_altar,
          feat_on_display, uniq_grinder
D:4:      layout_layer_cave
D:5:      layout_cave_pods, mainiacjoe_overflow_alcove_4, uniq_edmund
D:6:      layout_basic, minmay_temple_entry_nine_rooms, minmay_fountain_box,
          uniq_menkaure

Skill      XL: |  1  2  3  4  5  6  7  8 |
---------------+-------------------------+-----
Stealth        | 2 3 |  3.2
Air Magic      | 4 5 6 |  6.2
Armour         | 2 3 |  3.4
Conjurations   | 2 3 4 |  4.6
Spellcasting   | 3 4 5 |  5.0
Fighting       | 1 |  1.2
Short Blades   | |  0.3
Staves         | |  0.4
Dodging        | |  2.7
Unarmed Combat | |  0.2

Action                   |  1- 3 |  4- 6 |  7- 9 || total
-------------------------+-------+-------+-------++-------
Melee: Club              |     8 |       |       ||     8
       Unarmed           |     2 |       |       ||     2
       Dagger            |       |     2 |       ||     2
       Staff             |       |       |     1 ||     1
 Cast: Shock             |    78 |    73 |    46 ||   197
       Static Discharge  |       |     6 |    17 ||    23
       Swiftness         |       |       |     1 ||     1
Evoke: Wand              |       |       |     1 ||     1
  Use: Scroll            |     6 |     4 |     3 ||    13
       Potion            |       |     2 |     2 ||     4
Armor: Robe              |     1 |       |       ||     1
       Leather armour    |     1 |     6 |    13 ||    20
Dodge: Dodged            |    18 |    24 |    33 ||    75

Table legend: (Time is in decaauts)
 A = Elapsed time spent in this place.
 B = Non-inter-level travel time spent in this place.
 C = Inter-level travel time spent in this place.
 D = Time resting spent in this place.
 E = Time spent auto-exploring this place.
 F = Levels seen in this place.
 G = Mean time per level.
                   A        B        C        D        E       F      G
               +--------+--------+--------+--------+--------+-----+--------+
         Total |   6991 |   6856 |    135 |      0 |   6203 |   6 | 1165.2 |
       Dungeon |   6991 |   6856 |    135 |      0 |   6203 |   6 | 1165.2 |
               +--------+--------+--------+--------+--------+-----+--------+

Top non-repeatable levels by time:
     D:4: 2181 daAuts
     D:1: 1434 daAuts
     D:2: 1158 daAuts
     D:3: 1117 daAuts
     D:5: 1098 daAuts
     D:6: 0 daAuts
